 Dungeon Crawl Stone Soup version 0.29-a0-541-gaf1fc19f1b (webtiles) character file.

Game seed: 12156841538695288403

1079 kae the Firebug (level 7, 0/79 (84) HPs)
             Began as a Demigod Fire Elementalist on June 2, 2022.
             Slain by an orc
             ... wielding a +0 mace
              (4 damage)
             ... on level 5 of the Dungeon.
             The game lasted 00:03:56 (4955 turns).

kae the Firebug (Demigod Fire Elementalist)         Turns: 4955, Time: 00:03:56

HP:   0/79 (84)     AC: 23    Str:  7 (9)  XL:     7   Next: 81%
MP:   8/15          EV:  2    Int: 23 (25) God:
Gold: 218           SH:  0    Dex: 17 (20) Spells: 3/12 levels left

rFire   + + .      SeeInvis .   c - staff of fire
rCold   + . .      Faith    .   (no shield)
rNeg    . . .      Spirit   .   (body armour currently unavailable)
rPois   +          Reflect  .   (helmet currently unavailable)
rElec   +          Harm     .   (cloak currently unavailable)
rCorr   +          Rampage  .   (gloves currently unavailable)
Will    .....      NoTele   +   (boots currently unavailable)
Stlth   ++........              j - amulet of the acrobat
HPRegen 0.23/turn               h - +6 ring of dexterity
MPRegen 0.14/turn               (no ring)

@: brilliant, tree-form, resistant, drained
A: stationary, stasis, torment immunity, boosted hp, high MP 1, forlorn, divine
attributes
a: no special abilities


You were on level 5 of the Dungeon.
You were a tree.
You visited 1 branch of the dungeon, and saw 6 of its levels.

You collected 218 gold pieces.

Inventory:

Armour
 a - a +0 robe (melded)
 d - a +0 helmet (melded)
Magical Staves
 c - a staff of fire (weapon)
Jewellery
 h - a +6 ring of dexterity (left branch)
 j - an amulet of the acrobat (around neck)
Wands
 b - a wand of charming (9)
 l - a wand of digging (8)
Scrolls
 m - a scroll of identify
 o - a scroll of enchant weapon
 q - a scroll of enchant armour {unknown}
 t - a scroll of fog {unknown}
 u - a scroll of poison {unknown}
Potions
 e - 2 potions of attraction
 i - a potion of haste


   Skills:
 + Level 2.9 Fighting
 + Level 3.7 Dodging
 - Level 1.7 Stealth
 + Level 3.3 Spellcasting
 * Level 4.5 Conjurations
 * Level 5.3 Fire Magic


You had 3 spell levels left.
You knew the following spells:

 Your Spells              Type           Power      Damage    Failure   Level
a - Foxfire               Conj/Fire      100%       2x1d9     1%          1
b - Scorch                Fire           100%       2d10      1%          2
c - Conjure Flame         Conj/Fire      56%        6-21      4%          3
d - Inner Flame           Hex/Fire       36%        N/A       11%         3

Your spell library contained the following spells:

 Spells                   Type           Power      Damage    Failure   Level
 Ensorcelled Hibernation  Hex/Ice        10%        N/A       17%         2
 Passwall                 Tmut/Erth      4%         N/A       17%         2
 Call Canine Familiar     Summ           5%         N/A       34%         3
 Portal Projectile        Hex/Tloc       10%        N/A       34%         3
 Swiftness                Air            5%         N/A       34%         3
 Flame Wave               Conj/Fire      56%        2d11      14%         4
 Animate Armour           Summ/Erth      10%        N/A       75%         4
 Leda's Liquefaction      Hex/Erth       2%         N/A       75%         4
 Passage of Golubria      Tloc           5%         N/A       75%         4
 Blade Hands              Tmut           2%         N/A       97%         5
 Silence                  Hex/Air        2%         N/A       97%         5
 Iron Shot                Conj/Erth      10%        9d3       100%        6
 Lehudib's Crystal Spear  Conj/Erth      10%        10d4      100%        8


Dungeon Overview and Level Annotations

Branches:
Dungeon (6/15)             Temple (0/1) D:6

Annotations:
D:6 exclusions: steam dragon and wraith, Pikel


Innate Abilities, Weirdness & Mutations

You are a tree.
Your roots penetrate the ground, keeping you stationary.
You cannot be teleported.
You are immune to unholy pain and torment.
Your maximum health is greatly increased.
Your equipment is partially melded.
You have an increased reservoir of magic. (+10% MP)
You shall have no god before yourself.
Your divine heritage dramatically boosts your attributes as you level up.


Message History

You feel a strong surge of power!
Flames lash the orc.
The orc is almost dead.
The orc's fire resistance burns away.
The necrophage hits you but does no damage.
The iguana bites you but does no damage.
The orc hits you but does no damage.
The iguana is no longer more vulnerable to fire.
The necrophage hits you.
* * * LOW HITPOINT WARNING * * *
You feel drained.
* * * LOW HITPOINT WARNING * * *
The iguana bites you but does no damage.
The orc hits you with a +0 mace.
* * * LOW HITPOINT WARNING * * *
Casting: Scorch (safe; 1% risk of failure)
Confirm with . or Enter, or press ? or * to list all spells.
You feel a strong surge of power!
Flames lash the necrophage.
The necrophage is severely damaged.
The necrophage's fire resistance burns away.
The necrophage hits you but does no damage.
The iguana bites you but does no damage.
The orc hits you but does no damage. The necrophage hits you.
* * * LOW HITPOINT WARNING * * *
You feel drained.
* * * LOW HITPOINT WARNING * * *
The iguana bites you.
* * * LOW HITPOINT WARNING * * *
The orc barely misses you.
Casting: Scorch (safe; 1% risk of failure)
Confirm with . or Enter, or press ? or * to list all spells.
You feel a strong surge of power!
Flames lash the necrophage.
The necrophage is burned terribly!
You destroy the necrophage!
The orc is no longer more vulnerable to fire.
The iguana hisses menacingly.
The iguana bites you.
* * * LOW HITPOINT WARNING * * *
The orc hits you with a +0 mace.
You die...

#.....# #......
#...... #......
#...... #....).##
#......)#
.....)l># #.#
#...).)♣####....#
#.....o.†........
......######.####
...... ......
#.#.# .. #.#.# .
#...# .# ...# .


You could see an iguana and an orc.

Vanquished Creatures
  A black bear (D:6)
  An ice beast (D:6)
  A centaur (D:6)
  5 scorpions
  3 necrophages
  2 hounds
  2 orc priests (D:5)
  Ijyb (D:5)
  An iguana (D:4)
  4 orc wizards
  4 adders
  A white imp (D:6)
  2 worms
  2 dart slugs
  14 orcs
  3 endoplasms
  6 goblins
  7 hobgoblins
  3 jackals (D:2)
  2 quokkas (D:2)
  5 ball pythons
  5 bats
  5 frilled lizards
  4 kobolds
  6 rats
90 creatures vanquished.

Vanquished Creatures (collateral kills)
  2 foxfires (D:1)
2 creatures vanquished.

Vanquished Creatures (others)
  244 foxfires
  2 plants (D:1)
246 creatures vanquished.

Grand Total: 338 creatures vanquished

Notes
Turn   | Place    | Note
-------+----------+-------------------------------------------
     0 | D:1      | kae the Demigod Fire Elementalist began the quest for the
                  | Orb.
     0 | D:1      | Reached XP level 1. HP: 14/14 MP: 5/5
    45 | D:1      | Reached skill level 1 in Conjurations
   364 | D:1      | Reached XP level 2. HP: 20/20 MP: 2/7
   585 | D:1      | Reached skill level 3 in Fire Magic
   646 | D:1      | Learned a level 2 spell: Scorch
  1513 | D:2      | HP: 1/22 [jackal (2)]
  1517 | D:2      | Reached XP level 3. HP: 11/27 MP: 3/8
  2697 | D:3      | Reached skill level 1 in Fighting
  2697 | D:3      | Reached XP level 4. HP: 35/35 MP: 5/9
  3301 | D:4      | Noticed a necrophage
  3308 | D:4      | Killed a necrophage
  3309 | D:4      | Reached XP level 5. HP: 40/40 MP: 7/11
  3718 | D:4      | You fall into a shaft and drop 2 floors!
  3726 | D:5      | Entered Level 5 of the Dungeon
  3726 | D:5      | Noticed Ijyb
  3757 | D:6      | Noticed a centaur
  3768 | D:6      | Killed a centaur
  3769 | D:6      | Reached skill level 4 in Fire Magic
  3822 | D:6      | Found a staircase to the Ecumenical Temple.
  3854 | D:6      | Reached XP level 6. HP: 48/48 MP: 8/12
  3858 | D:6      | Learned a level 3 spell: Conjure Flame
  3862 | D:6      | Learned a level 3 spell: Inner Flame
  3951 | D:6      | Noticed a wraith
  4143 | D:6      | Noticed a steam dragon
  4583 | D:5      | Reached XP level 7. HP: 41/55 MP: 10/14
  4890 | D:6      | Noticed Pikel
  4918 | D:5      | Killed Ijyb
  4919 | D:5      | Reached skill level 5 in Fire Magic
  4955 | D:5      | Slain by an orc

Illustrated notes

Levels and vault maps discovered:
D:1:      minmay_arrival_five_plusses, layout_loops_ring,
          ebering_ecumenical_altar_abandoned, serial_forest,
          infiniplex_forest_end_2, infiniplex_forest_lined_ring,
          infiniplex_forest_lined_3, infiniplex_forest_lined_3,
          infiniplex_forest_pool, hangedman_decor_diamond_cutter,
          serial_bayou_ford_a
D:2:      layout_basic
D:3:      layout_basic, grunt_temple_overflow_open
D:4:      layout_rooms, minivault_19
D:5:      layout_rooms, mainiacjoe_overflow_alcove_3, uniq_ijyb
D:6:      minmay_opposing_rooms, layout_gridville,
          minmay_temple_entry_overgrown, serial_shops, nicolae_stop_n_shop_2,
          uniq_pikel

Skill      XL: |  1  2  3  4  5  6  7 |
---------------+----------------------+-----
Conjurations   | 1 2 3 4 |  4.5
Fire Magic     | 3 4 5 |  5.3
Dodging        | 2 3 |  3.7
Spellcasting   | 2 3 |  3.3
Fighting       | 1 2 |  2.9
Stealth        | |  1.7

Action                   |  1- 3 |  4- 6 |  7- 9 || total
-------------------------+-------+-------+-------++-------
Melee: Staff             |     3 |       |     4 ||     7
 Cast: Foxfire           |    90 |    51 |     5 ||   146
       Scorch            |     6 |     9 |     9 ||    24
  Use: Scroll            |     4 |     3 |     2 ||     9
       Potion            |     2 |       |     5 ||     7
Armor: Robe              |    10 |     1 |     2 ||    13
       Skin              |       |       |    46 ||    46
Dodge: Dodged            |    20 |    27 |    21 ||    68

Table legend: (Time is in decaauts)
 A = Elapsed time spent in this place.
 B = Non-inter-level travel time spent in this place.
 C = Inter-level travel time spent in this place.
 D = Time resting spent in this place.
 E = Time spent auto-exploring this place.
 F = Levels seen in this place.
 G = Mean time per level.
                   A        B        C        D        E       F      G
               +--------+--------+--------+--------+--------+-----+--------+
         Total |   4967 |   4820 |    147 |     46 |   4088 |   6 |  827.8 |
       Dungeon |   4967 |   4820 |    147 |     46 |   4088 |   6 |  827.8 |
               +--------+--------+--------+--------+--------+-----+--------+

Top non-repeatable levels by time:
     D:6: 1164 daAuts
     D:1: 1127 daAuts
     D:2: 1104 daAuts
     D:3: 932 daAuts
     D:4: 562 daAuts
     D:5: 75 daAuts
